 Dungeon Crawl Stone Soup version 0.26-a0-964-g69f9a3b9e2 (webtiles) character file.

Game seed: 17655016979969019759

135 dickylongcocking the Chopper (level 5, -1/32 HPs)
             Began as a Tengu Monk on Dec 3, 2020.
             Slain by an orc
             ... wielding a +1 dagger of electrocution
              (3 damage)
             ... on level 3 of the Dungeon.
             The game lasted 00:01:57 (2360 turns).

dickylongcocking the Chopper (Tengu Monk)           Turns: 2360, Time: 00:01:58

Health: -1/32      AC:  5    Str: 12    XL:     5   Next: 18%
Magic:  0/6        EV: 12    Int: 10    God:
Gold:   143        SH:  0    Dex: 17    Spells: 4/4 levels left

rFire    . . .     SeeInvis .   a - +0 hand axe
rCold    . . .     Faith    .   (no shield)
rNeg     . . .     Spirit   +   m - +0 ring mail
rPois    .         Reflect  .   (helmet restricted)
rElec    .         Harm     .   (no cloak)
rCorr    .         Rampage  .   (no gloves)
MR       .....                  (boots unavailable)
Stlth    +.........             g - amulet of guardian spirit
HPRegen  0.10/turn              c - ring of wizardry
MPRegen  0.10/turn              (no ring)

@: no status effects
A: beak, talons 3, able to fly
a: Fly


You were on level 3 of the Dungeon.
You visited 1 branch of the dungeon, and saw 3 of its levels.

You collected 143 gold pieces.

Inventory:

Hand Weapons
 a - a +0 hand axe (weapon)
Armour
 b - a +0 robe
 e - a +0 leather armour
 m - a +0 ring mail (worn)
Jewellery
 c - a ring of wizardry (left hand)
 g - an amulet of guardian spirit (around neck)
Scrolls
 d - a scroll of random uselessness {unknown}
 f - 2 scrolls of fear {unknown}
 j - a scroll of remove curse
 l - a scroll of identify {unknown}
Potions
 h - a potion of attraction {unknown}
 i - a potion of ambrosia
 k - a potion of flight {unknown}


   Skills:
 - Level 3.0 Fighting
 * Level 6.2 Axes
 - Level 3.3 Dodging
 - Level 2.0 Stealth


You had 4 spell levels left.
You didn't know any spells.
Your spell library was empty.

Dungeon Overview and Level Annotations

Branches:
Dungeon (3/15)

Altars:


Innate Abilities, Weirdness & Mutations

You have a beak for a mouth.
You have claws for feet.
You can fly continuously.


Message History

You closely miss the orc. The orc hits you but does no damage.
The orc closely misses you.
You hit the orc. Your peck misses the orc.
The orc is almost dead.
You hit the orc but do no damage. The orc hits you but does no damage.
You are electrocuted!
The orc hits you but does no damage.
You hit the orc.
You kill the orc!
You hit the orc but do no damage. The bat barely misses you.
The orc hits you with a +1 dagger of electrocution.
You are electrocuted!
* * * LOW HITPOINT WARNING * * *
You are too injured to fight recklessly!
Unknown command.
You are too injured to fight recklessly!
You barely miss the bat. You claw the bat.
You kill the bat!
You barely miss the orc.
The orc hits you with a +1 dagger of electrocution.
You die...

# #.## #....
### ##....#@#
#.....og#
.......r.....>.
##............#
#....#.#.#####
###+##)..#
<.[.# ... .
.....


You could see an orc, a goblin and a rat.

Vanquished Creatures
  6 adders (D:2)
  An ooze (D:2)
  2 worms (D:2)
  2 dart slugs (D:1)
  3 leopard geckos
  6 orcs
  A ball python (D:1)
  3 giant cockroaches
  3 goblins (D:2)
  6 hobgoblins
  8 bats
  2 frilled lizards
  11 kobolds
  10 rats
64 creatures vanquished.

Notes
Turn   | Place    | Note
-------+----------+-------------------------------------------
     0 | D:1      | dickylongcocking the Tengu Monk began the quest for the
                  | Orb.
     0 | D:1      | Reached XP level 1. HP: 14/14 MP: 2/2
   152 | D:1      | Reached XP level 2. HP: 13/19 MP: 3/3
   328 | D:1      | Reached skill level 4 in Axes
   757 | D:1      | Reached XP level 3. HP: 23/23 MP: 4/4
  1109 | D:2      | Found a faded altar of an unknown god.
  1155 | D:2      | Reached skill level 5 in Axes
  1225 | D:2      | Reached XP level 4. HP: 18/28 MP: 1/5
  1768 | D:2      | Reached skill level 6 in Axes
  1768 | D:2      | Gained mutation: You can fly continuously. [Tengu growth]
  1768 | D:2      | Reached XP level 5. HP: 26/32 MP: 6/6
  2360 | D:3      | Slain by an orc

Illustrated notes

Levels and vault maps discovered:
D:1:      minmay_arrival_jagged, layout_loops_ring
D:2:      layout_rooms, chequers_ecumenical_altar_twisty, hex_medium,
          minmay_pentomino_o4
D:3:      minmay_octagon_keep, layout_basic, grunt_temple_overflow_magic_moments

Skill      XL: |  1  2  3  4 |
---------------+-------------+-----
Axes           | 4 5 6 |  6.2
Fighting       | |  3.0
Dodging        | |  3.3
Stealth        | |  2.0

Action                   |  1- 3 |  4- 6 || total
-------------------------+-------+-------++-------
Melee: Hand axe          |    70 |    67 ||   137
       Peck              |     9 |     8 ||    17
       Kick              |    13 |    18 ||    31
  Use: Potion            |     3 |     2 ||     5
       Scroll            |       |     2 ||     2
 Stab: Sleeping          |     7 |     1 ||     8
Armor: Robe              |     8 |       ||     8
       Leather armour    |       |    10 ||    10
       Ring mail         |       |     9 ||     9
Dodge: Dodged            |    62 |    49 ||   111

Table legend: (Time is in decaauts)
 A = Elapsed time spent in this place.
 B = Non-inter-level travel time spent in this place.
 C = Inter-level travel time spent in this place.
 D = Time resting spent in this place.
 E = Time spent auto-exploring this place.
 F = Levels seen in this place.
 G = Mean time per level.
                   A        B        C        D        E       F      G
               +--------+--------+--------+--------+--------+-----+--------+
         Total |   2366 |   2308 |     58 |    331 |   1526 |   3 |  788.7 |
       Dungeon |   2366 |   2308 |     58 |    331 |   1526 |   3 |  788.7 |
               +--------+--------+--------+--------+--------+-----+--------+

Top non-repeatable levels by time:
     D:2: 1307 daAuts
     D:1: 1045 daAuts
     D:3: 13 daAuts
